 Dungeon Crawl Stone Soup version 0.30.0-29-ga12c61a403 (webtiles) character file.

Game seed: 15155787532651094236

30 explorer the Magician (level 3, 0/26 HPs)
             Began as a Djinni Fire Elementalist on June 15, 2023.
             Slain by an endoplasm (2 damage)
             ... on level 2 of the Dungeon.
             The game lasted 00:16:01 (924 turns).

explorer the Magician (Djinni Fire Elementalist)     Turns: 924, Time: 00:16:02

Health: 0/26       AC:  2    Str:  4 (7)  XL:     3   Next: 35%
Gold:   96         EV: 12    Int: 16 (18) God:
                   SH:  0    Dex: 11 (13)

rFire   + + .        c - +0 short sword
rCold   x . .        (no shield)
rNeg    . . .        a - +0 robe
rPois   ∞            (no helmet)
rElec   .            (no cloak)
rCorr   .            (no gloves)
SInv    .            (boots unavailable)
Will    .....        (no amulet)
Stlth   ++           (no ring)
HPRegen 0.24/turn    (no ring)
MPRegen 0.00/turn

%: infuse magic (-1 HP)
@: brilliant, attractive, flying
A: sickness immunity, fire resistance 2, cold vulnerability 1, float, innate
caster, HP casting, extra vitality 1
a: no special abilities


You were on level 2 of the Dungeon.
You visited 1 branch of the dungeon, and saw 2 of its levels.

You collected 96 gold pieces.

Inventory:

Hand Weapons
 c - a +0 short sword (weapon)
Armour
 a - a +0 robe (worn)
Scrolls
 e - 2 scrolls of teleportation
Potions
 d - 2 potions of degeneration


   Skills:
 * Level 0.9 Fighting
 + Level 0.6 Short Blades
 + Level 2.4 Dodging
 + Level 1.6 Stealth
 + Level 2.9 Spellcasting


You knew the following spells:

 Your Spells              Type           Power      Damage    Failure   Level
a - Foxfire               Conj/Fire      68%        2x1d7     5%          1
b - Scorch                Fire           34%        2d6       9%          2
c - Volatile Blastmotes   Fire/Tloc      34%        2d12      17%         3
d - Inner Flame           Hex/Fire       17%        N/A       17%         3
e - Flame Wave            Conj/Fire      17%        2d7       50%         4
f - Necrotise             Necr           68%        1d7       5%          1
Your spell library was empty.

Dungeon Overview and Level Annotations

Branches:
Dungeon (2/15)

Altars:


Innate Abilities, Weirdness & Mutations

You are immune to sickness and miasma.
You are immune to poison.
Your flesh is very heat resistant. (rF++)
You are vulnerable to cold. (rC-)
You float through the air rather than walking.
You learn spells naturally, not from books.
Your magical power is your life essence.
You have superior vitality. (+4 MHP)


Message History

The spell is quite dangerous to miscast (14% risk of failure)!
Continue anyway?
A cloud of volatile blastmotes flares up around you!
The endoplasm attacks as you move away! The endoplasm hits you.
The dart slug launches a dart at you. The slug dart hits you.
The endoplasm barely misses you.
You hit the endoplasm.
The endoplasm is lightly wounded.
The endoplasm closely misses you. The endoplasm attacks as you move away!
The endoplasm hits you.
You hit the endoplasm but do no damage.
The endoplasm is lightly wounded.
The endoplasm hits you.
* * * LOW HITPOINT WARNING * * *
It was a potion of attraction.
You feel attractive to monsters.
The endoplasm hits you but does no damage.
It was a potion of flight.
You feel more buoyant. The endoplasm barely misses you.
It was a potion of brilliance.
You feel clever all of a sudden. The endoplasm freezes you.
You are frozen.
You feel a terrible chill!
* * * LOW HITPOINT WARNING * * *
Casting: Volatile Blastmotes (quite dangerous; 14% risk of failure)
Confirm with . or Enter, or press ? or * to list all spells.
The spell is quite dangerous to miscast (14% risk of failure)!
Continue anyway? [Y]es or [N]o only, please.
The spell is quite dangerous to miscast (14% risk of failure)!
Continue anyway?
Okay, then.
It was a potion of degeneration.
There was something very wrong with that liquid.
You feel weakened.
You feel dopey.
You feel clumsy. The dart slug closely misses you. The endoplasm freezes you.
You are frozen.
* * * LOW HITPOINT WARNING * * *
The endoplasm attacks as you move away! The endoplasm hits you.
You die...

#### ## #### #.. #.. ..#
#.# #.# #.####.#### #$#
####.##....... #>#
####...)...#.####
######.####.............#
#
.........w.....##.####..#
# .#####...J@.....#.#
#..... #§.###.###.#.#
#.#### #..# #.# ...# #.#
#..# #.# ...# #.# #$.#
... ....# #... ... ....#
....#.... ..# .###...## .
.#


You could see a dart slug and an endoplasm.

Vanquished Creatures
  2 ball pythons (D:1)
  6 endoplasms
  A giant cockroach (D:1)
  3 goblins (D:1)
  2 hobgoblins (D:1)
  4 bats (D:1)
  3 frilled lizards
  5 kobolds
  2 rats (D:1)
28 creatures vanquished.

Vanquished Creatures (others)
  13 foxfires (D:1)
13 creatures vanquished.

Grand Total: 41 creatures vanquished

Notes
Turn   | Place    | Note
-------+----------+-------------------------------------------
     0 | D:1      | explorer the Djinni Fire Elementalist began the quest for
                  | the Orb.
     0 | D:1      | explorer set off with the following spells memorised:
                  | Foxfire, Scorch, Volatile Blastmotes, Inner Flame, Flame
                  | Wave.
     0 | D:1      | Reached XP level 1. HP: 15/15 MP: 0/0
   155 | D:1      | Reached XP level 2. HP: 20/21 MP: 0/0
   420 | D:1      | Reached XP level 3. HP: 16/26 MP: 0/0
   420 | D:1      | Learned a level 1 spell: Necrotise
   924 | D:2      | Slain by an endoplasm

Illustrated notes

Levels and vault maps discovered:
D:1:      psy_arrival_whirlpool, layout_loops_ring,
          hangedman_abyss_or_decor_stabs, minmay_hexomino_c4
D:2:      layout_loops_ring, serial_shops, shop, kennysheep_generic_room_15

Action                     || total
---------------------------++-------
  Melee: Short sword       ||    57
         Unarmed           ||     2
         Punch             ||     2
   Cast: Foxfire           ||     9
         Scorch            ||     7
         Necrotise         ||     4
         Volatile Blastmot ||     1
    Use: Scroll            ||     5
         Potion            ||     5
   Stab: Sleeping          ||     2
 Armour: Robe              ||    15
  Dodge: Dodged            ||    40
